Map: [ESL] Inside and Out

Players

ShoWTimE

  • Race: Protoss Protoss
  • League: Master
  • Spawn Location: 7:00

maru - Winner!

  • Race: Terran Terran
  • League: Diamond
  • Spawn Location: 1:00

Event: TSL 9

VOD

Have the link to the VOD?

Description

Time

  • Played on: Sept. 4, 2022, 10:57 a.m.
  • Length: 8:32

All games in this series

Show
View Real Time Build Order
Export as new Build Order

ShoWTimE Protoss 

Build Orders: 1 Gate Expand, Blink Stalkers 

Get SALT Encoding   

  12  0:00  Probe  
  13  0:12  Probe  
  14  0:16  Pylon  
  14  0:24  Probe (Chrono Boost)  
  15  0:36  Gateway, Probe (Chrono Boost)  
  16  0:44  Probe (Chrono Boost)  
  16  0:45  Assimilator  
  17  0:50  Probe  
  18  1:03  Probe  
  20  1:23  Cybernetics Core  
  20  1:24  Zealot  
  21  1:34  Nexus  
  21  1:40  Pylon  
  21  1:44  Probe  
  22  1:48  Assimilator  
  22  1:57  Adept (Chrono Boost), Probe  
  25  2:02  Warp Gate  
  25  2:09  Probe  
  26  2:16  Twilight Council  
  26  2:21  Probe  
  27  2:27  Stalker (Chrono Boost)  
  29  2:33  Probe  
  30  2:47  Probe (Chrono Boost)  
  30  2:50  Probe (Chrono Boost)  
  30  2:53  Shield Battery  
  30  2:54  Stalker (Chrono Boost)  
  30  2:58  Probe (Chrono Boost)  
  34  3:00  Probe (Chrono Boost)  
  34  3:05  Probe  
  34  3:07  Blink (Chrono Boost)  
  34  3:09  Probe  
  36  3:17  Probe  
  35  3:23  Probe  
  36  3:29  Gateway  
  36  3:30  Probe  
  37  3:35  Robotics Facility  
  37  3:36  Probe  
  38  3:43  Probe  
  38  3:44  Pylon  
  39  3:48  Probe  
  39  3:51  Stalker  
  39  3:55  Probe  
  43  4:00  Probe  
  44  4:07  Probe  
  45  4:12  Pylon, Probe  
  45  4:15  Stalker  
  48  4:19  Probe  
  48  4:22  Observer  
  50  4:24  Probe  
  51  4:31  Probe  
  50  4:39  Probe  
  50  4:41  Stalker x2  
  55  4:47  Probe  
  55  4:51  Probe  
  57  4:58  Nexus  
  43  5:00  Charge (Chrono Boost)  
  57  5:03  Pylon, Probe x2  
  59  5:11  Stalker  
  61  5:15  Probe  
  61  5:16  Pylon  
  63  5:21  Probe  
  63  5:24  Assimilator  
  63  5:27  Probe  
  64  5:28  Gateway  
  64  5:33  Probe  
  65  5:36  Gateway x2  
  65  5:37  Observer, Sentry  
  65  5:39  Probe  
  68  5:45  Probe  
  68  5:49  Gateway  
  69  5:50  Gateway  
  69  5:51  Gateway  
  69  5:52  Observer  
  69  5:57  Probe  
  69  5:58  Gateway  
  69  6:00  Sentry  
  69  6:01  Gateway, Sentry  
  74  6:08  Pylon  
  74  6:09  Warp Prism (Chrono Boost)  
  76  6:14  Probe x2  
  76  6:15  Probe  
  79  6:19  Pylon  
  79  6:21  Observer  
  79  6:26  Zealot x3  
  79  6:27  Probe  
  79  6:29  Probe  
  79  6:32  Probe  
  88  6:35  Pylon  
  88  6:39  Shield Battery  
  88  6:44  Zealot x2  
  92  6:56  Zealot x6  
  92  7:01  Pylon  
  104  7:04  Zealot x3  
  110  7:11  Pylon  
  110  7:12  Pylon  
  110  7:19  Zealot x4  
  102  7:31  Stalker x4  
  104  7:39  Zealot x3  
  96  7:44  Zealot x2  
  84  7:54  Zealot x4  
  72  8:00  Zealot x2  
  72  8:03  Zealot  
Show
View Real Time Build Order
Export as new Build Order

maru Terran - Winner!

Build Orders:  

Get SALT Encoding   

  12  0:00  SCV  
  13  0:12  SCV  
  14  0:17  Supply Depot  
  14  0:24  SCV  
  15  0:39  SCV, Barracks  
  15  0:42  Refinery  
  16  0:51  SCV  
  16  0:52  Refinery  
  17  1:03  SCV  
  18  1:15  SCV  
  19  1:26  Reaper  
  19  1:27  Orbital Command  
  20  1:40  Factory  
  20  1:43  Supply Depot  
  20  1:52  SCV  
  21  1:58  Reaper  
  22  2:05  SCV  
  23  2:15  Command Center  
  23  2:19  SCV  
  24  2:24  Hellion  
  26  2:31  SCV  
  26  2:35  Starport  
  26  2:36  Barracks Reactor  
  27  2:44  Supply Depot  
  27  2:45  SCV  
  28  2:51  Widow Mine  
  28  2:57  SCV  
  31  3:09  SCV  
  32  3:13  Medivac  
  32  3:14  Widow Mine  
  32  3:17  Marine x2  
  35  3:21  SCV  
  35  3:28  Barracks  
  35  3:32  Orbital Command  
  35  3:33  SCV  
  36  3:36  Factory Tech Lab  
  36  3:37  Marine x2  
  38  3:44  Starport Tech Lab  
  38  3:45  SCV  
  39  3:49  Engineering Bay  
  39  3:55  Siege Tank  
  42  3:57  SCV  
  42  3:58  SCV  
  44  4:05  Supply Depot  
  44  4:09  SCV  
  45  4:10  Raven  
  45  4:12  SCV  
  45  4:14  Marine x2  
  50  4:21  SCV  
  52  4:24  SCV  
  53  4:33  SCV  
  53  4:35  Terran Infantry Weapons Level 1  
  53  4:36  SCV  
  53  4:37  Barracks  
  52  4:42  Marine x2  
  52  4:43  Refinery  
  52  4:44  Marine  
  53  4:46  SCV  
  53  4:48  SCV  
  53  4:50  Supply Depot  
  53  4:51  Stimpack  
  55  4:57  Supply Depot  
  55  4:58  SCV  
  56  5:00  Marine, SCV  
  56  5:04  Marine  
  56  5:06  Factory Reactor, Starport Reactor  
  57  5:10  SCV  
  57  5:12  SCV, Marauder  
  61  5:18  Marine  
  62  5:21  Marine  
  62  5:22  SCV  
  62  5:24  Supply Depot, SCV  
  65  5:30  Barracks x2  
  65  5:32  Combat Shield, Marauder  
  65  5:34  SCV  
  68  5:39  Refinery  
  68  5:40  Marauder  
  69  5:47  Widow Mine x2  
  72  5:52  Supply Depot, Marine  
  72  5:53  Marine  
  72  5:54  Marine  
  72  5:56  Medivac  
  77  5:59  Medivac  
  80  6:06  Marauder  
  80  6:09  SCV  
  80  6:10  SCV  
  83  6:12  Marauder  
  83  6:14  Supply Depot, Widow Mine x2  
  83  6:15  Supply Depot  
  83  6:18  Marine x4  
  94  6:26  Supply Depot  
  93  6:35  Medivac x2  
  93  6:36  Marine x2, Marauder x2  
  102  6:41  Concussive Shells  
  102  6:42  Marine x2  
  102  6:44  Supply Depot  
  104  6:54  Marine x2  
  104  6:56  Widow Mine x2  
  104  6:57  Marauder x2  
  113  7:01  Marine  
  114  7:13  Marine x2  
  116  7:18  Marauder  
  116  7:21  Marauder  
  113  7:30  SCV  
  113  7:31  Marine x2  
  111  7:39  Marine  
  72  8:02  SCV  
  72  8:03  Marine  
  72  8:05  Marine  
Tags
 
Add a new tag
Caveats
  • Supply blocks, unpowered buildings, or Contaminate may cause inaccurate times.
  • Supply counts are checked every 10 seconds.